 Dungeon Sprint DCSS version 0.30-a0-777-ga9a30cbeda (webtiles) character file.

Game seed: 2069719951186305904

965 sircluck the Cleaver (level 8, -9/117 HPs)
             Began as a Hill Orc Fighter on Feb 13, 2023.
             Mangled by a jumping spider (14 damage)
             ... in the Dungeon (Sprint VII: "The Pits").
             The game lasted 00:02:34 (1409 turns).

sircluck the Cleaver (Hill Orc Fighter)             Turns: 1409, Time: 00:02:35

Health: -9/117     AC: 14    Str: 21    XL:     8   Next: 15%
Magic:  8/8        EV:  8    Int:  8    God:
Gold:   0          SH:  5    Dex: 10    Spells: 7/7 levels left

rFire   . . .      SeeInvis .    q - +2 hand axe (freeze)
rCold   . . .      Faith    .    c - +0 buckler
rNeg    . . .      Spirit   .    f - +3 chain mail
rPois   .          Reflect  .    (no helmet)
rElec   .          Harm     .    (no cloak)
rCorr   .          Rampage  .    (no gloves)
Will    .....      NoTele   +    (no boots) Stlth
                                 (no amulet)
HPRegen 0.39/turn                (no ring)
MPRegen 0.11/turn                (no ring)

@: berserking, slowed
A: no striking features
a: no special abilities


You were in the Dungeon.
You visited 1 branch

Inventory:

Hand Weapons
 a - a +0 war axe
 k - a +2 hand axe
 q - a +2 hand axe of freezing (weapon)
Missiles
 o - 10 stones (quivered)
Armour
 b - a +0 scale mail
 c - a +0 buckler (worn)
 f - a +3 chain mail (worn)
 p - a +3 scale mail
Scrolls
 j - a scroll of blinking
 m - 5 scrolls of amnesia
 n - a scroll of butterflies
Potions
 d - a potion of might
 e - 6 potions of curing
 g - a potion of haste
 h - 4 potions of magic
 l - 2 potions of invisibility
 r - 5 potions of heal wounds


   Skills:
 + Level 9.1 Fighting
 + Level 14.0 Axes
 + Level 9.9 Armour
 + Level 3.2 Dodging
 + Level 0.1 Stealth
 + Level 8.6 Shields


You had 7 spell levels left.
You didn't know any spells.
Your spell library was empty.

Dungeon Overview and Level Annotations

Branches:
Dungeon (1/1)

Altars:
Ashenzari
Cheibriados
Dithmenos
Elyvilon
Fedhas
Gozag
Hepliaklqana
Kikubaaqudgha
Makhleb
Nemelex Xobeh
Okawaru
Qazlal
Ru
Sif Muna
Trog
Uskayaw
Vehumet
Wu Jian
Xom
Yredelemnul
Zin
The Shining One
Beogh
Jiyva
Lugonu


Message History

Your Axes skill increases to level 14!
You hit the death cob.
The death cob is lightly damaged.
You hit the jumping spider but do no damage.
You hit the tyrant leech but do no damage.
You block the death cob's attack.
The jumping spider barely misses you. x2
You barely miss the death cob.
The death cob is lightly damaged.
You closely miss the jumping spider. You closely miss the tyrant leech.
You block the death cob's attack.
The jumping spider pounces on you but does no damage.
The jumping spider closely misses you. You block the tyrant leech's attack.
You closely miss the death cob.
The death cob is lightly damaged.
You hit the jumping spider. You freeze the jumping spider.
You miss the tyrant leech. The death cob hits you!
The death cob drains your vigour!
You feel yourself slow down.
The jumping spider pounces on you but does no damage.
The jumping spider bites you. The death cob hits you!
The death cob drains your vigour!
You feel as though you will be slow longer.
The death cob barely misses you.
The jumping spider pounces on you but does no damage.
The jumping spider closely misses you.
You miss the death cob.
The death cob is lightly damaged.
You miss the jumping spider. The death cob hits you!!
* * * LOW HITPOINT WARNING * * *
A cane toad comes into view.
The jumping spider pounces on you but does no damage.
The jumping spider bites you.
* * * LOW HITPOINT WARNING * * *
The cane toad gives a loud, deep croak!
The death cob attacks as you move away! The death cob hits you!
* * * LOW HITPOINT WARNING * * *
The death cob drains your vigour!
You feel as though you will be slow longer.
The jumping spider attacks as you move away!
The jumping spider pounces on you!
You die...

######################
#.............sw.....+
#............@zDC....+
#..#############F##..#
#..# .#.#..# #..# .#
##..# #..# C# #..# #..#
s# #..# #..# °# #..#
#..################..#
####....................#


You could see a bone dragon, a frost giant, a death cob, a tyrant leech, a cane
toad and a jumping spider.

Vanquished Creatures
  A two-headed ogre (D)
  A fire bat (D)
  A redback (D)
  A kobold brigand (D)
  An adder (D)
  2 gnolls (D)
  2 white imps (D)
  A bat (D)
  A goblin (D)
  5 jackals (D)
  A ball python (D)
  A ball python skeleton (D)
  3 frilled lizards (D)
  A giant cockroach zombie (D)
  A rat (D)
23 creatures vanquished.

Notes
Turn   | Place    | Note
-------+----------+-------------------------------------------
     0 | D        | sircluck the Hill Orc Fighter began the quest for the Orb.
     0 | D        | Reached XP level 1. HP: 19/19 MP: 1/1
    23 | D        | Found a bloodstained altar of Trog.
    23 | D        | Found a shimmering blue altar of Sif Muna.
    23 | D        | Found a viscous altar of Jiyva.
    23 | D        | Found a hazy altar of Hepliaklqana.
    23 | D        | Found an opulent altar of Gozag.
    69 | D        | Reached skill level 3 in Axes
    69 | D        | Reached XP level 2. HP: 22/28 MP: 2/2
    88 | D        | Reached skill level 5 in Shields
    95 | D        | Noticed a fire bat
    98 | D        | Reached XP level 3. HP: 35/35 MP: 3/3
   115 | D        | Killed a fire bat
   116 | D        | Reached skill level 7 in Axes
   116 | D        | Reached skill level 1 in Dodging
   116 | D        | Reached XP level 4. HP: 15/45 MP: 4/4
   116 | D        | Reached XP level 5. HP: 17/51 MP: 5/5
   590 | D        | Found a glowing golden altar of the Shining One.
   590 | D        | Found a glowing silver altar of Zin.
   590 | D        | Found a basalt altar of Yredelemnul.
   590 | D        | Found a shimmering altar of Xom.
   590 | D        | Found an ornate altar of the Wu Jian Council.
   590 | D        | Found a sacrificial altar of Ru.
   590 | D        | Found a stormy altar of Qazlal.
   590 | D        | Found an iron altar of Okawaru.
   590 | D        | Found a sparkling altar of Nemelex Xobeh.
   590 | D        | Found a burning altar of Makhleb.
   590 | D        | Found a blossoming altar of Fedhas.
   590 | D        | Found a white marble altar of Elyvilon.
   590 | D        | Found a shadowy altar of Dithmenos.
   590 | D        | Found a snail-covered altar of Cheibriados.
   592 | D        | Found a radiant altar of Vehumet.
   592 | D        | Found a corrupted altar of Lugonu.
   592 | D        | Found a roughly hewn altar of Beogh.
   593 | D        | Found a hide-covered altar of Uskayaw.
   593 | D        | Found an ancient bone altar of Kikubaaqudgha.
   593 | D        | Found a broken altar of Ashenzari.
   625 | D        | Noticed a kobold brigand
   652 | D        | Killed a kobold brigand
   653 | D        | Reached skill level 9 in Axes
   653 | D        | Reached XP level 6. HP: 21/60 MP: 6/6
   788 | D        | Noticed a two-headed ogre
   800 | D        | Killed a two-headed ogre
   801 | D        | Reached skill level 13 in Axes
   801 | D        | Reached XP level 7. HP: 50/69 MP: 7/7
  1288 | D        | Reached XP level 8. HP: 77/77 MP: 8/8
  1394 | D        | Noticed a tyrant leech
  1394 | D        | Noticed a frost giant
  1394 | D        | Noticed a jumping spider
  1397 | D        | Noticed a death cob
  1403 | D        | Noticed a bone dragon
  1404 | D        | Reached skill level 14 in Axes
  1408 | D        | Noticed a cane toad
  1409 | D        | HP: 5/117 [death cob (10)]
  1409 | D        | Mangled by a jumping spider

Illustrated notes

Levels and vault maps discovered:
D:        pitsprint [storerooms_1, entrance_room_1, metal_vault_4, armoury_2,
          mini_pit_1, grid_room_1, main_hall_1, silver_pit, the_coven_1,
          the_vestibule_1, steel_vault_5, golden_pit, hallway_of_sentries,
          crystal_vault_1, iron_vault_2, final_vault]

Skill      XL: |  1  2  3  4  5  6  7  8 |
---------------+-------------------------+-----
Fighting       | 4 6 7 8 9 |  9.1
Axes           | 3 7 9 13 14 | 14.0
Armour         | 4 6 7 9 |  9.9
Shields        | 4 5 7 8 |  8.6
Dodging        | 1 3 |  3.2
Stealth        | |  0.1

Action                     |  1- 3 |  4- 6 |  7- 9 || total
---------------------------+-------+-------+-------++-------
  Melee: War axe           |    35 |       |       ||    35
         Hand axe          |       |    34 |    17 ||    51
    Use: Potion            |     2 |     1 |     1 ||     4
 Armour: Scale mail        |    14 |       |       ||    14
         Chain mail        |       |     6 |     8 ||    14
  Dodge: Dodged            |    21 |    19 |     8 ||    48
  Block: Buckler           |    10 |     4 |     8 ||    22

Table legend: (Time is in decaauts)
 A = Elapsed time spent in this place.
 B = Non-inter-level travel time spent in this place.
 C = Inter-level travel time spent in this place.
 D = Time resting spent in this place.
 E = Time spent auto-exploring this place.
 F = Levels seen in this place.
 G = Mean time per level.
                   A        B        C        D        E       F      G
               +--------+--------+--------+--------+--------+-----+--------+
         Total |   1424 |   1359 |     65 |    914 |    169 |   1 | 1424.0 |
       Dungeon |   1424 |   1359 |     65 |    914 |    169 |   1 | 1424.0 |
               +--------+--------+--------+--------+--------+-----+--------+

Top non-repeatable levels by time:
       D: 1424 daAuts
